 Dungeon Crawl Stone Soup version 0.30-a0-859-gf88a04b62d (webtiles) character file.

Game seed: 11936810890576114568

30523 Ge0ff the Destroyer (level 13, -1/105 HPs)
             Began as a Naga Cinder Acolyte on Mar 6, 2023.
             Was a High Priest of Ignis.
             Slain by a four-headed hydra (11 damage)
             ... on level 3 of the Lair of Beasts.
             The game lasted 00:48:14 (22205 turns).

Ge0ff the Destroyer (Naga Cinder Acolyte)          Turns: 22205, Time: 00:48:15

Health: -1/105     AC: 13    Str: 16    XL:     13   Next: 52%
Magic:  14/34      EV:  9    Int: 18    God:    Ignis [*****.]
Gold:   1943       SH:  0    Dex:  9    Spells: 5/28 levels left

rFire   + . .      SeeInvis +    a - +1 spear (drain)
rCold   . . .      Faith    .    (no shield)
rNeg    . . .      Spirit   .    e - +0 steam dragon scales
rPois   +          Reflect  .    l - +0 helmet
rElec   .          Rampage  .    Q - +2 cloak
rCorr   .                        S - +2 pair of gloves
Will    ++...                    (no barding)
Stlth   ++                       (no amulet)
HPRegen 0.37/turn                h - ring of willpower
MPRegen 0.24/turn                U - ring of magical power {=R}

@: very slightly contaminated, very slow
A: AC +4, large, see invisible, deformed body, poison resistance, slowness 2,
spit poison 1, naga tail 2, screaming 1
a: Spit Poison, Renounce Religion, Fiery Armour, Foxfire Swarm, Rising Flame


You were on level 3 of the Lair of Beasts.
You worshipped Ignis.
Ignis was extremely pleased with you.
You visited 3 branches of the dungeon, and saw 16 of its levels.
You also visited: Ossuary and Volcano.

You collected 1943 gold pieces.

Inventory:

Hand Weapons
 a - a +1 spear of draining (weapon)
 w - a +2 dagger of venom
 x - a +2 dagger of chaos
 K - the +11 falchion "Suut" {holy, *Corrode rF+ Str+2 Dex+4}
   (You found it on level 1 of the Lair of Beasts)

   Str:       It affects your strength (+2).
   Dex:       It affects your dexterity (+4).
   rF:        It protects you from fire.
   *Corrode:  It may corrode you when you take damage.
 O - a +3 scimitar of flaming
Missiles
 i - 5 atropa-tipped darts
 n - 13 boomerangs
 v - 2 curare-tipped darts {=F}
Armour
 e - +0 steam dragon scales (worn)
 g - a +0 buckler
 j - a +1 troll leather armour
 l - a +0 helmet (worn)
 D - a +0 robe of willpower
 Q - a +2 cloak (worn)
 S - a +2 pair of gloves (worn)
 Y - a +0 robe of positive energy
Magical Staves
 b - a staff of conjuration
 s - a staff of cold
 u - a staff of air
Jewellery
 h - a ring of willpower (left hand)
 m - a ring of flight
 G - the necklace of Bloodlust {Fury *Rage Will++ Int-3 Slay+6}
   (You took it off a kobold on level 11 of the Dungeon)

   [amulet of nothing]

   Fury:      It extends the wearer's berserk rage when killing foes.
   Int:       It affects your intelligence (-3).
   Slay:      It affects your accuracy & damage with ranged weapons and melee
   (+6).
   *Rage:     It berserks you when you make melee attacks (+50% chance).
   Will:      It greatly increases your willpower.
 U - a ring of magical power (right hand) {=R}
Wands
 d - a wand of digging (8)
 f - a wand of flame (5)
 k - a wand of iceblast (3)
 p - a wand of paralysis (6)
 P - a wand of polymorph (10)
Scrolls
 r - a scroll of brand weapon
 y - 2 scrolls of immolation
 B - 4 scrolls of blinking
 C - a scroll of poison
 E - a scroll of fear
 F - a scroll of butterflies
 J - a scroll of silence {!r}
 T - 6 scrolls of teleportation
 V - 2 scrolls of vulnerability
Potions
 o - 2 potions of ambrosia
 q - 12 potions of curing
 z - a potion of brilliance
 A - 4 potions of attraction
 H - 2 potions of haste {!q}
 I - a potion of invisibility
 L - 3 potions of lignification
 M - 2 potions of might
 N - 2 potions of cancellation {!q}
 R - 3 potions of resistance
 W - 3 potions of heal wounds {!q}
 X - 3 potions of flight
 Z - a potion of berserk rage {!q}
Miscellaneous
 c - a condenser vane


   Skills:
 - Level 4.0 Fighting
 - Level 3.0 Polearms
 - Level 0.2 Armour
 - Level 1.0 Dodging
 - Level 2.0 Stealth
 - Level 8.0 Spellcasting
 + Level 10.9 Conjurations
 - Level 7.0 Translocations
 + Level 9.8 Transmutations
 - Level 10.0 Fire Magic
 - Level 3.0 Air Magic
 * Level 6.6 Earth Magic
 - Level 3.0 Poison Magic
 - Level 5.0 Evocations


You had 5 spell levels left.
You knew the following spells:

 Your Spells              Type           Power      Damage    Failure   Level
d - Iskenderun's Mystic   Conj/Tloc      39%        2d9       2%          4
e - Irradiate             Conj/Tmut      22%        3d19      3%          5
f - Mephitic Cloud        Conj/Pois/Air  27%        N/A       3%          3
h - Lee's Rapid Deconstr  Erth           15%        3d10*     19%         5
C - Scorch                Fire           86%        2d9       1%          2
E - Flame Wave            Conj/Fire      44%        2d11      1%          4

Your spell library contained the following spells:

 Spells                   Type           Power      Damage    Failure   Level
 Magic Dart               Conj           100%       1d8       1%          1
 Kindle Blastsparks       Fire/Tloc/Air  62%        2d15      1%          3
 Hailstorm                Conj/Ice       26%        3d7       3%          3
 Petrify                  Tmut/Erth      36%        N/A       3%          4
 Blade Hands              Tmut           21%        N/A       4%          5
 Fulminant Prism          Conj/Hex       13%        3d9       11%         4
 Ice Form                 Ice/Tmut       24%        N/A       13%         4
 Call Imp                 Summ           7%         N/A       14%         2
 Sublimation of Blood     Necr           7%         N/A       14%         2
 Dragon Form              Tmut           21%        N/A       83%         7
 Simulacrum               Ice/Necr       3%         N/A       100%        6
 Summon Cactus Giant      Summ           3%         N/A       100%        6


Dungeon Overview and Level Annotations

Branches:
Dungeon (12/15) Zot: 23606  Temple (1/1) D:7 Zot: 5814    Lair (3/5) D:9 Zot: 14037
  Swamp (0/4) Lair:3        Snake (0/4) Lair:3          Orc (0/2) D:12
Ossuary (visited)         Volcano (visited)

Altars:
Ashenzari
Cheibriados
Dithmenos
Elyvilon
Fedhas
Gozag
Hepliaklqana
Kikubaaqudgha
Makhleb
Nemelex Xobeh
Okawaru
Qazlal
Ru
Sif Muna
Trog
Uskayaw
Vehumet
Wu Jian
Xom
Yredelemnul
Zin
The Shining One

Annotations:
D:9 exclusion: ice statue


Innate Abilities, Weirdness & Mutations

Your serpentine skin is tough. (AC +4)
You have supernaturally acute eyesight. (SInv)
Armour fits poorly on your strangely shaped body.
Your system is resistant to poisons. (rPois)
You cover ground very slowly.
You can spit poison.
You can use your snake-like lower body to constrict enemies.
You occasionally shout uncontrollably at your foes.


Message History

Confirm with . or Enter, or press ? or * to list all spells.
Flames lash the swamp worm.
The swamp worm is burned terribly!
You kill the swamp worm!
You hear the faint crackling of a melting archway nearby.
c - a condenser vane;
j - a +1 troll leather armour Your pack is full.
You see here a scroll of identify.
You don't currently have any unidentified items.
A polar bear simulacrum comes into view.
You yell at the polar bear simulacrum!
You hear a loud, deep croak!
A cane toad comes into view.
You yell at the cane toad!
You hear a loud, deep croak!
You see here a +0 quarterstaff.
You drop 7 poisoned darts.
A four-headed hydra comes into view.
Found a stone staircase leading up.
The four-headed hydra roars!
The four-headed hydra moves out of view.
The polar bear simulacrum bites you. The polar bear simulacrum freezes you!
The polar bear simulacrum claws you but does no damage. x2
The polar bear simulacrum bites you. The polar bear simulacrum freezes you!!
The polar bear simulacrum claws you but does no damage.
The polar bear simulacrum barely misses you.
The polar bear simulacrum bites you but does no damage.
The polar bear simulacrum claws you but does no damage. x2
You see here 7 poisoned darts.
You hit the polar bear simulacrum but do no damage.
You grab the polar bear simulacrum.
You constrict the polar bear simulacrum.
You completely miss the polar bear simulacrum.
The polar bear simulacrum is lightly damaged.
You constrict the polar bear simulacrum.
The polar bear simulacrum bites you! The polar bear simulacrum freezes you!!
* * * LOW HITPOINT WARNING * * *
The polar bear simulacrum claws you but does no damage. x2
Casting: Scorch (safe; 1% risk of failure)
Confirm with . or Enter, or press ? or * to list all spells.
You erupt in a fountain of uncontrolled magic!
The polar bear simulacrum is blasted with magical radiation!!
The polar bear simulacrum vaporises!
As you read the scroll of fear, it crumbles to dust.
You assume a fearsome visage.
The four-headed hydra resists with some effort.
The four-headed hydra bites you!
* * * LOW HITPOINT WARNING * * *
The four-headed hydra bites you but does no damage.
The four-headed hydra bites you!
You die...

,,*,,,,*,,,,#........#...*#,,,,,,
*##.###*........8../......#,,,,,,
##P.#.##..#..........#...##,**,*,
........###......#....#..P.****,,
........#.....##..#......,,,,,,,,
..........8.......#...##,,,,,,,,,
........#..#...........#,,,,,,,,,
.........#+#....○D.#.......,,,,,,
†...........)...@..##..##..,,,,,,
............##P..###*...#,,,*,*,,
#..#..##....###..# **,<.#,,****,*
#...##.#....#.#P+##*,,..#,,,+,,**
....).##..........#**,*##,,,,,,**
......##.....#....**,,,,,,,,,,,*,
......##.....##.###,*,,,,,,,*,,,,
.⌠⌠..###....#Z#..***,,,,,,,*,,,**
♣..♣.###?.....P.#**,,,,,,,,**,,*,


You could see a four-headed hydra.

Vanquished Creatures
  A hydra (Lair:2)
  Erolcha (D:10)
  3 boulder beetles
  2 two-headed ogres
  Erica (D:8)
  Amaemon (Lair:1)
  2 lindwurms (Volcano)
  2 manticores (D:12)
  4 black mambas (Lair:1)
  8 cane toads
  Joseph (D:9)
  3 gargoyles
  3 molten gargoyles (Volcano)
  A rime drake (Lair:1)
  An orange demon (Lair:1)
  An unseen horror (D:11)
  A kobold demonologist (D:10)
  2 efreet (Volcano)
  2 komodo dragons
  6 trolls
  A hornet (D:6)
  The ghost of Opifex the Chopper, an amateur DsFi (D:4)
  8 blink frogs
  3 shadows (D:12)
  3 wraiths
  A water elemental (D:12)
  3 wyverns
  5 fire elementals (Volcano)
  Eustachio (D:5)
  26 yaks
  Grum (D:11)
  2 basilisks (Lair:1)
  2 vampire mosquitoes (D:12)
  3 steam dragons
  A naga (D:9)
  A swamp worm (Lair:3)
  8 water moccasins
  2 hell hounds (Lair:1)
  2 black bears
  3 ice beasts
  A sky beast (D:6)
  2 orc warriors
  3 wolves
  6 centaurs
  A phantom (D:12)
  A kobold brigand (D:11)
  7 bullfrogs
  3 earth elementals (Volcano)
  2 scorpions (D:5)
  A troll zombie (D:12)
  12 killer bees (D:9)
  5 electric eels
  9 hounds
  4 jellies
  Crazy Yiuf (D:5)
  A gnoll bouda (D:8)
  2 orc priests
  Jessica (D:2)
  3 iguanas
  2 sleepcaps
  7 orc wizards
  A polar bear simulacrum (Lair:3)
  7 ogre zombies (D:12)
  8 mummies (Ossuary)
  6 gnolls
  7 adders
  A river rat (D:4)
  A white imp (D:7)
  An ufetubus (D:4)
  4 worms
  A dart slug (D:3)
  39 orcs
  5 ball pythons
  5 bats
  5 endoplasms
  4 giant cockroaches
  11 goblins
  8 hobgoblins
  5 jackals
  2 quokkas
  5 frilled lizards
  3 gnoll zombies (Ossuary)
  A goblin skeleton (D:12)
  5 goblin zombies (D:12)
  3 hobgoblin zombies
  9 kobolds
  2 kobold zombies (Ossuary)
  4 orc skeletons (D:12)
  15 orc zombies
  4 rats
369 creatures vanquished.

Vanquished Creatures (others)
  An orc (D:6)
  3 fire vortices (Volcano)
  9 fungi
  11 plants
24 creatures vanquished.

Grand Total: 393 creatures vanquished

Notes
Turn   | Place    | Note
-------+----------+-------------------------------------------
     0 | D:1      | Ge0ff the Naga Cinder Acolyte began the quest for the Orb.
     0 | D:1      | Reached XP level 1. HP: 21/21 MP: 2/2
    82 | D:1      | Reached skill level 1 in Stealth
   205 | D:1      | Reached XP level 2. HP: 28/28 MP: 3/3
   208 | D:1      | Learned a level 2 spell: Scorch
   589 | D:1      | Reached XP level 3. HP: 34/34 MP: 2/5
  1423 | D:2      | Noticed Jessica
  1427 | D:2      | Killed Jessica
  1428 | D:2      | Reached XP level 4. HP: 42/42 MP: 4/7
  1944 | D:3      | Found a radiant altar of Vehumet.
  2820 | D:3      | Reached XP level 5. HP: 47/49 MP: 6/8
  3048 | D:4      | Reached skill level 5 in Fire Magic
  3237 | D:4      | Found a runed translucent door.
  3347 | D:4      | Reached XP level 6. HP: 54/56 MP: 1/10
  3804 | D:4      | Found a runed translucent door.
  3806 | D:4      | Noticed Opifex's ghost (amateur DsFi)
  3947 | D:4      | Found an ornate altar of the Wu Jian Council.
  3952 | D:4      | Noticed a spectral centipede
  3952 | D:4      | Noticed a spectral black mamba
  3952 | D:4      | Noticed a spectral cane toad
  4026 | D:4      | Found a bloodstained altar of Trog.
  4027 | D:4      | Found a white marble altar of Elyvilon.
  4028 | D:4      | Found an iron altar of Okawaru.
  4028 | D:4      | Found a burning altar of Makhleb.
  4028 | D:4      | Found a hide-covered altar of Uskayaw.
  4029 | D:4      | Found a snail-covered altar of Cheibriados.
  4206 | D:5      | Entered Level 5 of the Dungeon
  4477 | D:5      | Noticed Eustachio
  4635 | D:5      | Reached XP level 7. HP: 59/62 MP: 2/12
  4740 | D:5      | Found a runed translucent door.
  4741 | D:5      | Noticed Crazy Yiuf
  4748 | D:5      | Killed Crazy Yiuf
  4901 | D:5      | Killed Eustachio
  5000 | D:5      | Learned a level 4 spell: Flame Wave
  5127 | D:5      | Reached skill level 1 in Conjurations
  5465 | D:6      | Reached skill level 1 in Dodging
  5465 | D:6      | Reached XP level 8. HP: 56/69 MP: 7/14
  5465 | D:6      | Identified a scroll of acquirement
  5465 | D:6      | Acquired 705 gold pieces
  5710 | D:6      | Found a sand-covered staircase.
  5719 | Ossuary  | Entered an ossuary
  6299 | D:6      | Noticed a hornet
  6303 | D:6      | Killed a hornet
  6304 | D:6      | Reached skill level 5 in Spellcasting
  6775 | D:7      | Learned a level 4 spell: Iskenderun's Mystic Blast
  6999 | D:7      | Found a staircase to the Ecumenical Temple.
  7006 | Temple   | Entered the Ecumenical Temple
  7156 | D:7      | Reached XP level 9. HP: 67/75 MP: 9/16
  7362 | D:7      | Found a shimmering blue altar of Sif Muna.
  7405 | D:7      | Learned a level 5 spell: Irradiate
  7534 | D:7      | Reached skill level 1 in Translocations
  7896 | D:7      | Reached skill level 1 in Transmutations
  7997 | D:7      | Reached skill level 5 in Conjurations
  8185 | D:8      | Noticed Erica
  8333 | D:8      | Noticed a troll
  8342 | D:8      | Killed a troll
  8497 | D:8      | Killed Erica
  9340 | D:8      | Reached XP level 10. HP: 84/84 MP: 18/18
  9658 | D:9      | Noticed Psyche
  9659 | D:9      | Psyche changed into Psyche the naga
  9659 | D:9      | Noticed Psyche
  9666 | D:9      | Killed Psyche the naga
  9915 | D:9      | Noticed Joseph
 10107 | D:9      | Reached skill level 1 in Evocations
 10360 | D:9      | Noticed a two-headed ogre
 10629 | D:9      | Reached skill level 5 in Transmutations
 10916 | D:9      | Killed Joseph
 10933 | D:9      | Killed a two-headed ogre
 11112 | D:9      | Reached XP level 11. HP: 90/90 MP: 13/20
 11173 | D:9      | Found a staircase to the Lair.
 11708 | D:9      | Learned a level 5 spell: Lee's Rapid Deconstruction
 11758 | D:10     | Entered Level 10 of the Dungeon
 12104 | D:10     | Noticed a boulder beetle
 12559 | D:10     | Noticed Erolcha
 12566 | D:10     | Killed Erolcha
 12567 | D:10     | Reached skill level 10 in Fire Magic
 12705 | D:10     | Found a transporter.
 12709 | D:10     | Found a transporter.
 12712 | D:10     | Found a transporter.
 12712 | D:10     | Found a transporter.
 12854 | D:10     | Killed a boulder beetle
 12855 | D:10     | Reached skill level 5 in Translocations
 13836 | D:10     | Found a transporter.
 14182 | D:4      | Killed Opifex's ghost
 14505 | D:11     | Noticed Grum
 14511 | D:11     | Killed Grum
 15047 | D:11     | Noticed a boulder beetle
 15113 | D:11     | Killed a boulder beetle
 15114 | D:11     | Reached XP level 12. HP: 75/97 MP: 7/22
 15302 | D:11     | Learned a level 3 spell: Mephitic Cloud
 15481 | D:11     | You fall into a shaft and drop 1 floor!
 15596 | D:12     | Reached skill level 1 in Poison Magic
 15601 | D:12     | Reached skill level 1 in Air Magic
 16339 | D:12     | Found a staircase to the Orcish Mines.
 16346 | D:12     | Reached skill level 5 in Evocations
 17185 | D:12     | Noticed a two-headed ogre
 17191 | D:12     | Killed a two-headed ogre
 17602 | D:12     | Found a staircase to the Orcish Mines.
 18242 | Lair:1   | Entered Level 1 of the Lair of Beasts
 18258 | Lair:1   | Identified the +11 falchion "Suut" {holy, *Corrode rF+
                  | Str+2 Dex+4}
 18289 | Lair:1   | Reached skill level 1 in Earth Magic
 18385 | Lair:1   | Reached skill level 10 in Conjurations
 18411 | Lair:1   | Found a dark tunnel.
 18551 | Volcano  | Entered a volcano
 18631 | Volcano  | Gained mutation: You sometimes lose your temper in combat.
                  | [mutagenic glow]
 19127 | Volcano  | Lost mutation: You sometimes lose your temper in combat.
                  | [potion of mutation]
 19127 | Volcano  | Gained mutation: You occasionally shout uncontrollably at
                  | your foes. [potion of mutation]
 19183 | Volcano  | Gained mutation: You can use your snake-like lower body to
                  | constrict enemies. [Naga growth]
 19183 | Volcano  | Reached XP level 13. HP: 72/105 MP: 20/24
 19441 | Lair:1   | Noticed Amaemon
 19460 | Lair:1   | Killed Amaemon
 19718 | Lair:1   | Reached skill level 5 in Earth Magic
 22205 | Lair:3   | Slain by a four-headed hydra

Illustrated notes

Levels and vault maps discovered:
D:1:      ebering_hopf_link, layout_basic, minmay_small_reverse_x
D:2:      layout_rooms, serial_forest, infiniplex_forest_clump_cross,
          infiniplex_forest_clump_C, infiniplex_forest_straight_3,
          infiniplex_forest_clump_double, infiniplex_forest_zigzag_1,
          infiniplex_forest_clump_small, infiniplex_forest_zigzag_1,
          infiniplex_forest_lined_corner, infiniplex_forest_diagonal,
          uniq_jessica
D:3:      layout_loops_ring, overflow_temple_1_default,
          kennysheep_generic_room_10
D:4:      layout_basic, pdpol_wu_jian_five_deadly_venoms, minitemple,
          ebering_ghost_sewer_f
D:5:      layout_cave_pools, serial_column_ruins, column_ruins_square_small,
          column_ruins_columns_corner, column_ruins_corridor_straight,
          column_ruins_open_medium, column_ruins_columns_corner,
          column_ruins_grid_3, st_stairs_11, uniq_crazy_yiuf_cottage,
          uniq_eustachio
D:6:      layout_loops_ring, nicolae_ossuary_entry_monument,
          roderic_roman_lattice
D:7:      layout_loops_corners, mainiacjoe_overflow_catwalk,
          minmay_temple_entry_purple_smoke
D:8:      layout_loops_ring, serial_rivers, chequers_serial_rivers_large_b,
          chequers_serial_rivers_marsh, chequers_serial_rivers_marsh,
          chequers_serial_rivers_large_a, chequers_serial_rivers_small_3,
          grunt_ministairs_12, minmay_small_thing, uniq_erica
D:9:      lemuel_ice_statue, layout_basic, erik_lair_island, uniq_psyche,
          uniq_joseph
D:10:     layout_basic, nicolae_diode_intersection, uniq_erolcha
D:11:     layout_loops_ring, uniq_grum
D:12:     layout_basic, zombieorc2_lemuel, minmay_misc_feat_more_columns
Temple:   dshaligram_water_room_temple
Lair:1:   layout_loops_ring, enter_volcano_3, grunt_megastairs_3, uniq_amaemon
Lair:2:   layout_regular_city, grunt_megastairs_5
Lair:3:   layout_regular_city, nicolae_swamp_entry_splash_gauntlet,
          guppyfry_snake_entry_garden, portal_ice_cave_entry_ice_simulacra,
          hangedman_tree_tricks, grunt_megastairs_4

Skill      XL: |  1  2  3  4  5  6  7  8  9 10 11 12 13 |
---------------+----------------------------------------+-----
Stealth        | 2 |  2.0
Spellcasting   | 2 3 4 5 6 7 8 |  8.0
Fire Magic     | 4 5 6 7 8 9 10 | 10.0
Conjurations   | 2 4 6 7 9 10 | 10.9
Dodging        | 1 |  1.0
Translocations | 2 4 5 6 7 |  7.0
Transmutations | 3 5 8 9 |  9.8
Evocations     | 2 4 5 |  5.0
Poison Magic   | 3 |  3.0
Air Magic      | 3 |  3.0
Fighting       | 4 |  4.0
Earth Magic    | 4 6 |  6.6
Polearms       | |  3.0
Armour         | |  0.2

Action                     |  1- 3 |  4- 6 |  7- 9 | 10-12 | 13-15 || total
---------------------------+-------+-------+-------+-------+-------++-------
  Melee: Spear             |    12 |    37 |    71 |   165 |     8 ||   293
         Unarmed           |       |       |    10 |       |       ||    10
         Punch             |       |       |     1 |     3 |     1 ||     5
         Falchion          |       |       |       |     3 |       ||     3
         Constrict         |       |       |       |       |     3 ||     3
  Throw: Dart              |       |       |       |    10 |       ||    10
         Boomerang         |       |       |       |     1 |       ||     1
   Cast: Scorch            |    20 |    59 |   104 |   227 |    74 ||   484
         Flame Wave        |       |       |     3 |     9 |     1 ||    13
         Irradiate         |       |       |       |    48 |    27 ||    75
         Iskenderun's Myst |       |       |       |     9 |     1 ||    10
         Mephitic Cloud    |       |       |       |     3 |       ||     3
Ability: Spit Poison       |    26 |    36 |    15 |    54 |    12 ||   143
  Evoke: Wand              |       |       |       |    21 |     1 ||    22
    Use: Scroll            |       |     8 |    10 |    12 |     6 ||    36
         Potion            |       |       |     1 |     4 |       ||     5
   Stab: Sleeping          |       |       |       |       |     1 ||     1
 Armour: Robe              |     4 |    11 |    46 |       |       ||    61
         Skin              |       |       |    18 |       |       ||    18
         Steam dragon scal |       |       |    24 |   184 |    63 ||   271
  Dodge: Dodged            |     4 |    25 |    58 |   155 |    39 ||   281

Table legend: (Time is in decaauts)
 A = Elapsed time spent in this place.
 B = Non-inter-level travel time spent in this place.
 C = Inter-level travel time spent in this place.
 D = Time resting spent in this place.
 E = Time spent auto-exploring this place.
 F = Levels seen in this place.
 G = Mean time per level.
                   A        B        C        D        E       F      G
               +--------+--------+--------+--------+--------+-----+--------+
         Total |  27290 |  25705 |   1585 |   1963 |  19960 |  18 | 1516.1 |
       Dungeon |  21915 |  20443 |   1472 |   1034 |  16550 |  12 | 1826.2 |
        Temple |    185 |    154 |     31 |      0 |    140 |   1 |  185.0 |
          Lair |   3961 |   3880 |     81 |    204 |   3170 |   3 | 1320.3 |
       Ossuary |    452 |    452 |      0 |    175 |    100 |   1 |  452.0 |
       Volcano |    776 |    776 |      0 |    549 |      0 |   1 |  776.0 |
               +--------+--------+--------+--------+--------+-----+--------+

Top non-repeatable levels by time:
    D:12: 2933 daAuts
    D:10: 2830 daAuts
     D:9: 2580 daAuts
  Lair:1: 2454 daAuts
     D:4: 2133 daAuts
     D:8: 1950 daAuts
     D:7: 1694 daAuts
    D:11: 1636 daAuts
  Lair:2: 1420 daAuts
     D:1: 1356 daAuts
     D:3: 1264 daAuts
     D:6: 1234 daAuts
     D:5: 1211 daAuts
     D:2: 1090 daAuts
 Volcano: 776 daAuts
